 Dungeon Crawl Stone Soup version 0.22.1-1-ga44c0e5 (webtiles) character file.

110 Anon1729 the Chopper (level 4, -2/40 HPs)
             Began as a Naga Gladiator on Oct 19, 2018.
             Slain by a shadow imp (4 damage)
             ... summoned by Natasha
             ... on level 2 of the Dungeon.
             The game lasted 00:02:08 (1649 turns).

Anon1729 the Chopper (Naga Gladiator)               Turns: 1649, Time: 00:02:09

Health: -2/40      AC:  4    Str: 17    XL:     4   Next: 91%
Magic:  4/4        EV: 11    Int:  9    God:
Gold:   138        SH:  0    Dex: 12    Spells: 3/3 levels left

rFire    . . .     SeeInvis +   a - +0 war axe
rCold    . . .     Gourm    .   (no shield)
rNeg     . . .     Faith    .   m - +1 robe {MR+}
rPois    +         Spirit   .   c - +0 helmet
rElec    .         Reflect  .   (no cloak)
rCorr    .         Harm     .   (no gloves)
MR       +....     Rnd*Tele +   (no barding)
Stlth    ..........             (no amulet)
HPRegen  0.13/turn              g - ring of attention (curse)
MPRegen  0.09/turn              v - ring of teleportation (curse)

@: very slow
A: large, see invisible, deformed body, poison resistance, slowness 2, slow
metabolism 1, spit poison 1, AC +1
a: Spit Poison


You were on level 2 of the Dungeon.
You were not hungry.

You visited 1 branch of the dungeon, and saw 2 of its levels.

You collected 138 gold pieces.

Inventory:

Hand Weapons
 a - a +0 war axe (weapon)
Missiles
 d - 3 throwing nets (quivered)
Armour
 b - a +0 leather armour
 c - a +0 helmet (worn)
 m - a +1 robe of magic resistance (worn)
Jewellery
 g - a cursed ring of attention (left hand)
 o - a +2 ring of intelligence
 v - a cursed ring of teleportation (right hand)
Scrolls
 h - a scroll of magic mapping {unknown}
 i - 2 scrolls of teleportation {unknown}
 j - a scroll of fear {unknown}
 k - 3 scrolls of remove curse {unknown}
 l - a scroll of amnesia {unknown}
 u - a scroll of enchant weapon {unknown}
Potions
 e - 2 potions of curing {unknown}
 p - a potion of haste {unknown}
 q - a potion of berserk rage {unknown}
 r - a potion of heal wounds {unknown}
 s - 2 potions of lignification {unknown}
 t - a potion of brilliance {unknown}
 w - a potion of agility
Comestibles
 f - 2 rations


   Skills:
 + Level 2.6 Fighting
 * Level 4.2 Axes
 - Level 2.0 Throwing
 + Level 1.1 Armour
 + Level 2.9 Dodging


You had 3 spell levels left.
You didn't know any spells.
Your spell library was empty.

Dungeon Overview and Level Annotations

Branches:
Dungeon (2/15)

Altars:
Makhleb

Annotations:
D:2 Natasha


Innate Abilities, Weirdness & Mutations

You cannot wear boots.
Your serpentine skin is tough. (AC +1)
You have supernaturally acute eyesight. (SInv)
Armour fits poorly on your strangely shaped body.
Your system is resistant to poisons. (rPois)
You cover ground very slowly.
You have a slow metabolism.
You can spit poison.


Message History

Natasha closely misses you.
You hit Natasha.
Natasha is heavily wounded.
You closely miss the shadow imp. The shadow imp gestures at you.
Pain shoots through your body!
* * * LOW HITPOINT WARNING * * *
Natasha barely misses you.
The shadow imp hits you but does no damage.
You hit Natasha.
Natasha is heavily wounded.
You closely miss the shadow imp. Natasha claws you.
* * * LOW HITPOINT WARNING * * *
The shadow imp barely misses you. Natasha closely misses you.
Unknown command.
You have got your breath back.
Natasha claws you.
* * * LOW HITPOINT WARNING * * *
The shadow imp hits you.
You die...

######+## ##+##
....#...# #...###
###...8.## ##.8h@.####
###....# #...5#....#
#####..)###...#####.#
##...#....#....#.# #.#
.....##.......##.# #.#
......#.<.8.<.##.# #.#
.######.......##.###.#
.# #....#....#..##.#
.# ##...###...##.##.#


You could see Natasha and a shadow imp.

Vanquished Creatures
  Jessica (D:2)
  Natasha (D:2)
  An ooze (D:1)
  2 worms (D:2)
  3 dart slugs
  3 orcs (D:2)
  2 giant cockroaches
  4 hobgoblins
  4 jackals (D:1)
  6 bats
  2 frilled lizards (D:1)
  3 goblins
  4 kobolds
  9 rats
45 creatures vanquished.

Notes
Turn   | Place    | Note
-------+----------+-------------------------------------------
     0 | D:1      | Anon1729 the Naga Gladiator began the quest for the Orb.
     0 | D:1      | Reached XP level 1. HP: 19/19 MP: 1/1
    37 | D:1      | Reached XP level 2. HP: 24/26 MP: 2/2
   560 | D:1      | Reached XP level 3. HP: 32/32 MP: 3/3
   943 | D:2      | Noticed Jessica
   956 | D:2      | Killed Jessica
   956 | D:2      | Reached XP level 4. HP: 24/40 MP: 4/4
  1154 | D:2      | Noticed Natasha
  1156 | D:2      | Killed Natasha
  1156 | D:2      | Reached skill level 4 in Axes
  1156 | D:2      | Reached skill level 1 in Armour
  1342 | D:2      | Found a burning altar of Makhleb.
  1636 | D:2      | Noticed Natasha
  1649 | D:2      | HP: 2/40 [Natasha (4)]
  1649 | D:2      | Slain by a shadow imp

Skill      XL: |  1  2  3  4 |
---------------+-------------+-----
Throwing       | 2 |  2.0
Axes           | 4 |  4.2
Armour         | 1 |  1.1
Fighting       | |  2.6
Dodging        | |  2.9

Action                   |  1- 3 |  4- 6 || total
-------------------------+-------+-------++-------
Melee: War axe           |    70 |    48 ||   118
 Abil: Spit Poison       |       |     1 ||     1
  Eat: Chunk             |       |     2 ||     2
Armor: Leather armour    |    28 |       ||    28
       Robe              |       |     8 ||     8
Dodge: Dodged            |    46 |    31 ||    77
